 Dungeon Crawl Stone Soup version 0.29-a0-210-g9445043ebc (webtiles) character file.

Game seed: 517058627696895198

80 Jepp2078 the Bolt Thrower (level 3, 0/29 HPs)
             Began as a Demigod Hunter on Feb 24, 2022.
             Succumbed to a water moccasin's poison
             ... on level 2 of the Dungeon.
             The game lasted 00:06:01 (2493 turns).

Jepp2078 the Bolt Thrower (Demigod Hunter)          Turns: 2493, Time: 00:06:01

Health: 0/29       AC:  3    Str: 13    XL:     3   Next: 98%
Magic:  5/5        EV: 12    Int: 13    God:
Gold:   45         SH:  0    Dex: 18    Spells: 2/2 levels left

rFire   + . .      SeeInvis .   a - +1 hand crossbow
rCold   . . .      Faith    .   (no shield)
rNeg    . . .      Spirit   .   b - +0 leather armour
rPois   .          Reflect  .   (no helmet)
rElec   .          Harm     .   (no cloak)
rCorr   +          Rampage  .   (no gloves)
Will    .....                   (no boots)
Stlth   ++........              (no amulet)
HPRegen 0.09/turn               e - ring of protection from fire
MPRegen 0.09/turn               g - ring of resist corrosion

@: lethally poisoned (0 -> -11)
A: high MP 1, forlorn, divine attributes
a: no special abilities


You were on level 2 of the Dungeon.
You visited 1 branch of the dungeon, and saw 3 of its levels.

You collected 87 gold pieces.
You spent 42 gold pieces at shops.

Inventory:

Hand Weapons
 a - a +1 hand crossbow (weapon)
 s - a +0 rapier
Armour
 b - a +0 leather armour (worn)
Jewellery
 e - a ring of protection from fire (left hand)
 g - a ring of resist corrosion (right hand)
 l - a ring of see invisible
 p - a ring of fire
Scrolls
 h - 3 scrolls of identify {unknown}
 j - a scroll of magic mapping {unknown}
 m - 3 scrolls of teleportation {unknown}
 o - 2 scrolls of fog {unknown}
 q - a scroll of vulnerability {unknown}
Potions
 c - a potion of berserk rage {unknown}
 f - 2 potions of resistance {unknown}
 i - a potion of ambrosia {unknown}
 k - 2 potions of heal wounds {unknown}
 n - a potion of might {unknown}
 r - a potion of lignification {unknown}


   Skills:
 - Level 1.7 Fighting
 + Level 5.2 Crossbows
 - Level 1.7 Dodging
 - Level 0.8 Stealth


You had 2 spell levels left.
You didn't know any spells.
Your spell library was empty.

Dungeon Overview and Level Annotations

Branches:
Dungeon (3/15)

Shops:
D:1 *   D:3 !

Annotations:
D:3 3 runed translucent doors


Innate Abilities, Weirdness & Mutations

You have an increased reservoir of magic. (+10% MP)
You shall have no god before yourself.
Your divine heritage dramatically boosts your attributes as you level up.


Message History

The water moccasin bites you.
You are poisoned.
The water moccasin poisons you!
You feel better. The water moccasin barely misses you.
You shoot a bolt.
The bolt closely misses the water moccasin.
The water moccasin barely misses you.
The water moccasin bites you but does no damage.
You shoot a bolt.
The bolt barely misses the water moccasin.
The water moccasin bites you.
You shoot a bolt. The bolt misses the water moccasin.
The water moccasin bites you. The water moccasin closely misses you.
You shoot a bolt.
The bolt barely misses the water moccasin.
The water moccasin barely misses you. The water moccasin bites you.
You are poisoned.
The water moccasin poisons you!
You feel very sick. The water moccasin bites you.
You see here a giant cockroach corpse.
Okay, then.
You feel better. The water moccasin misses you. The water moccasin bites you.
There is an escape hatch in the ceiling here.
The water moccasin bites you.
The water moccasin bites you but does no damage.
There are no items here.
There are no items here.
There are no items here.
The water moccasin bites you. A mysterious force pulls you upwards.
The hatch slams shut behind you. The water moccasin closely misses you.
The water moccasin bites you.
* * * LOW HITPOINT WARNING * * *
You are lethally poisoned!
The water moccasin poisons you! The water moccasin barely misses you.
* * * LOW HITPOINT WARNING * * *
You feel very sick.
You die...

.#..#.##.#.##.##.#
....#.##.#.##.##<#
.#.......#.......#
....#.##.####.####
......##.# #.....#
##..####.# #.....#
.........# #....S#
##.......# #..(..#
........## #....@#
###(....# ###...#
# #.....# ##.##
####### #.# #.#
#.# ############
#.# ...........#
#.# ...........#
#.#


You could see a water moccasin.

Vanquished Creatures
  3 adders
  A gnoll (D:1)
  A dart slug (D:1)
  A bat (D:1)
  3 endoplasms
  2 giant cockroaches
  3 goblins (D:1)
  8 hobgoblins
  2 quokkas (D:1)
  3 ball pythons
  6 frilled lizards
  3 kobolds (D:1)
  4 rats
40 creatures vanquished.

Notes
Turn   | Place    | Note
-------+----------+-------------------------------------------
     0 | D:1      | Jepp2078 the Demigod Hunter began the quest for the Orb.
     0 | D:1      | Reached XP level 1. HP: 17/17 MP: 3/3
    57 | D:1      | Reached skill level 4 in Crossbows
    68 | D:1      | Reached XP level 2. HP: 4/24 MP: 4/4
   526 | D:1      | Reached XP level 3. HP: 29/29 MP: 5/5
   706 | D:1      | Found Ekeqiah's Assorted Antiques.
  1532 | D:2      | Reached skill level 5 in Crossbows
  1987 | D:3      | Found a runed translucent gate.
  1987 | D:3      | Found a runed translucent gate.
  1987 | D:3      | Found a runed translucent gate.
  1991 | D:3      | Found Xuecegg's Distillery.
  1998 | D:3      | Bought a potion of curing for 42 gold pieces
  2458 | D:3      | Noticed a water moccasin
  2493 | D:2      | Succumbed to a water moccasin's poison

Illustrated notes

Levels and vault maps discovered:
D:1:      wander_arrival_desolate, layout_basic, serial_shops, shop,
          minmay_ruptured
D:2:      layout_loops_cross, ebering_ecumenical_altar_hall
D:3:      layout_loops_corners, gammafunk_temple_overflow_claw,
          gammafunk_ghost_icy, serial_shops, shop

Skill      XL: |  1  2  3 |
---------------+----------+-----
Crossbows      | 4 5 |  5.2
Fighting       | |  1.7
Dodging        | |  1.7
Stealth        | |  0.8

Action                   || total
-------------------------++-------
 Fire: Hand crossbow     ||   107
  Use: Potion            ||     2
Armor: Leather armour    ||    12
Dodge: Dodged            ||    42

Table legend: (Time is in decaauts)
 A = Elapsed time spent in this place.
 B = Non-inter-level travel time spent in this place.
 C = Inter-level travel time spent in this place.
 D = Time resting spent in this place.
 E = Time spent auto-exploring this place.
 F = Levels seen in this place.
 G = Mean time per level.
                   A        B        C        D        E       F      G
               +--------+--------+--------+--------+--------+-----+--------+
         Total |   2526 |   2474 |     52 |    573 |   1602 |   3 |  842.0 |
       Dungeon |   2526 |   2474 |     52 |    573 |   1602 |   3 |  842.0 |
               +--------+--------+--------+--------+--------+-----+--------+

Top non-repeatable levels by time:
     D:1: 1007 daAuts
     D:2: 957 daAuts
     D:3: 562 daAuts
